 Dungeon Crawl Stone Soup version 0.31-a0-321-g19405a7a6a (webtiles) character file.

Game seed: 8438372423228900372

74 2FriedEggs the Changeling (level 4, -7/33 (51) HPs)
             Began as a Merfolk Shapeshifter on July 17, 2023.
             Mangled by Terence
             ... wielding the +7 Throatcutter {drain, coup de grace}
              (14 damage)
             ... on level 2 of the Dungeon.
             The game lasted 00:02:26 (1312 turns).

2FriedEggs the Changeling (Merfolk Shapeshifter)    Turns: 1312, Time: 00:02:27

HP:   -7/33 (51)    AC: 22    Str: 17    XL:     4   Next: 30%
MP:   4/4           EV:  2    Int:  7    God:
Gold: 53            SH:  0    Dex: 14    Spells: 3/3 levels left

rFire   . . .        h - +4 dagger
rCold   . . .        (no shield)
rNeg    . . .        a - melded +0 animal skin
rPois   +            (helmet currently unavailable)
rElec   .            (cloak currently unavailable)
rCorr   .            (gloves currently unavailable)
SInv    .            (boots currently unavailable)
Will    .....        (no amulet)
Stlth   +            (no ring)
HPRegen 0.25/turn    (no ring)
MPRegen 0.09/turn

%: no passive effects
@: tree-form (expiring), very heavily drained
A: stationary, stasis, torment immunity, boosted hp, (nimble swimmer 2),
(mertail)
a: no special abilities


You were on level 2 of the Dungeon.
You were a tree.
You visited 1 branch of the dungeon, and saw 2 of its levels.

You collected 53 gold pieces.

Inventory:

Hand Weapons
 h - a +4 dagger (weapon)
Armour
 a - a +0 animal skin (melded)
Talismans
 c - a beast talisman
Scrolls
 d - a scroll of silence {unknown}
 e - 3 scrolls of blinking {unknown}
 f - 3 scrolls of fear {unknown}
 i - 2 scrolls of identify {unknown}
 l - a scroll of poison {unknown}
 m - a scroll of amnesia {unknown}
 o - a scroll of noise {unknown}
Potions
 g - a potion of curing
 j - a potion of brilliance {unknown}
 k - 2 potions of heal wounds {unknown}
 n - a potion of attraction {unknown}


   Skills:
 - Level 2.4 Fighting
 - Level 2.6 Dodging
 - Level 3.5 Unarmed Combat
 * Level 5.1 Shapeshifting


You had 3 spell levels left.
You didn't know any spells.
Your spell library contained the following spells:

 Spells                   Type           Power      Damage    Failure   Level
 Call Canine Familiar     Summ           0%         N/A       80%         3
 Portal Projectile        Hex/Tloc       0%         N/A       80%         3
 Leda's Liquefaction      Hex/Erth       0%         N/A       99%         4


Dungeon Overview and Level Annotations

Branches:
Dungeon (2/15)

Altars:

Annotations:
D:2 Terence


Innate Abilities, Weirdness & Mutations

You are a tree.
Your roots penetrate the ground, keeping you stationary.
You cannot be teleported.
You are immune to unholy pain and torment.
Your maximum health is greatly increased.
Your equipment is partially melded.
((You are very nimble when in or above water. (Stealth+, EV+, Speed+++)))
((Your lower body shifts to a powerful aquatic tail in water.))


Message History

Your transformation has ended.
You turn into a tree.
Your +0 animal skin melds into your body.
Your roots penetrate the ground.
Terence hits you but does no damage.
You feel drained.
You feel better. Terence hits you but does no damage.
You feel drained.
You hit Terence.
Terence is lightly wounded.
Terence hits you but does no damage.
You feel drained.
You closely miss Terence. You punch Terence, but do no damage.
Terence is lightly wounded.
Terence shouts, "Now you die!"
Terence hits you with the +7 Throatcutter {drain, coup de grace}.
You feel drained.
You barely miss Terence.
Terence is lightly wounded.
Terence hits you but does no damage.
You feel drained.
You completely miss Terence. You punch Terence, but do no damage.
Terence is lightly wounded.
Terence hits you with the +7 Throatcutter {drain, coup de grace}.
You feel drained.
You hit Terence but do no damage.
Terence is lightly wounded.
You barely miss Terence.
Terence is lightly wounded.
Terence barely misses you.
Okay, then.
h - a +4 dagger (weapon)
Terence hits you with the +7 Throatcutter {drain, coup de grace}.
* * * LOW HITPOINT WARNING * * *
You feel drained.
* * * LOW HITPOINT WARNING * * *
You hit Terence.
Terence is moderately wounded.
Your transformation is almost over.
Terence hits you but does no damage.
You feel drained.
You hit Terence but do no damage.
Terence is moderately wounded.
Terence hits you with the +7 Throatcutter {drain, coup de grace}!
You die...

#)# #.#.# #.# #
#.# #.# # #.# #
#.# #.# #)# #.#
.# #.# #.# #.#
#.# #.# #.# #.#
#.#####.###.
##.#
#...♣@......
#.<#
#######.####
#..# ### #.##
#..
#.######.####.#
#.##..........#
#.##.#.........
#.##.#.....##.#
#.##.#.....##.#
#.##..........#


You could see Terence.

Vanquished Creatures
  2 adders (D:2)
  A worm (D:2)
  A dart slug (D:1)
  2 endoplasms
  2 giant cockroaches (D:1)
  5 hobgoblins
  7 jackals (D:1)
  5 kobolds (D:1)
  4 ball pythons (D:1)
  2 bats
  2 frilled lizards (D:1)
  7 goblins
  8 rats
48 creatures vanquished.

Notes
Turn   | Place    | Note
-------+----------+-------------------------------------------
     0 | D:1      | 2FriedEggs the Merfolk Shapeshifter began the quest for the
                  | Orb.
     0 | D:1      | Reached XP level 1. HP: 16/16 MP: 1/1
   108 | D:1      | Reached XP level 2. HP: 23/23 MP: 2/2
   372 | D:1      | Reached XP level 3. HP: 19/28 MP: 3/3
  1059 | D:2      | Reached XP level 4. HP: 29/34 MP: 4/4
  1141 | D:2      | Reached skill level 5 in Shapeshifting
  1297 | D:2      | Noticed Terence
  1312 | D:2      | Mangled by Terence

Illustrated notes

Levels and vault maps discovered:
D:1:      minmay_arrival_split_and_join, layout_basic
D:2:      layout_loops_ring, serial_shops, nicolae_shop_waterfront, uniq_terence

Skill      XL: |  1  2  3  4 |
---------------+-------------+-----
Unarmed Combat | 3 |  3.5
Shapeshifting  | 5 |  5.1
Fighting       | |  2.4
Dodging        | |  2.6

Action                     |  1- 3 |  4- 6 || total
---------------------------+-------+-------++-------
  Melee: Unarmed           |    89 |    32 ||   121
         Punch             |     1 |     2 ||     3
         Dagger            |       |     2 ||     2
    Use: Potion            |       |     4 ||     4
   Stab: Sleeping          |     1 |       ||     1
 Armour: Animal skin       |    15 |       ||    15
         Skin              |       |     5 ||     5
  Dodge: Dodged            |    44 |    17 ||    61

Table legend: (Time is in decaauts)
 A = Elapsed time spent in this place.
 B = Non-inter-level travel time spent in this place.
 C = Inter-level travel time spent in this place.
 D = Time resting spent in this place.
 E = Time spent auto-exploring this place.
 F = Levels seen in this place.
 G = Mean time per level.
                   A        B        C        D        E       F      G
               +--------+--------+--------+--------+--------+-----+--------+
         Total |   1304 |   1251 |     53 |    111 |    900 |   2 |  652.0 |
       Dungeon |   1304 |   1251 |     53 |    111 |    900 |   2 |  652.0 |
               +--------+--------+--------+--------+--------+-----+--------+

Top non-repeatable levels by time:
     D:1: 937 daAuts
     D:2: 367 daAuts
